Cogmind - Beta 13 @@@ ROGUE MODE // 2024.04.05 @ 11:17:28 Player: writers.room Result: Destroyed by S-27 Virus with Autogun Performance ------------- Evolutions (3) 1500 Regions Visited (5) 1000 Robots Destroyed (1) 5 Value Destroyed (247) 247 Prototype IDs (2) 40 Alien Tech Used (0) 0 Bonus (1034) 1034 TOTAL SCORE: 3826 Bonus ------- Pacifist 834 Entered Garrisons 200 Cogmind --------- Core Integrity 0/700 Matter 5/300 Energy 100/100 System Corruption 10% Temperature Cool (0) Movement Core (50) Location -7/Garrison Parts ------- > --- POWER (2) -------- (None) > --- PROPULSION (4) --- (None) > --- UTILITY (5) ------ (None) > --- WEAPON (2) ------- (None) > --- INVENTORY (5) ---- Micro Nuclear Core Relay Coupler [NC] (33) Relay Coupler [Grunt] (28) High-powered Field Laser Advanced Plasma Cannon Peak State ------------ > --- POWER ------------ Micro Nuclear Core Micro Nuclear Core > --- PROPULSION ------- Cesium-ion Thruster Cesium-ion Thruster Cesium-ion Thruster Cesium-ion Thruster > --- UTILITY ---------- Advanced Weight Redist. System Hacking Suite Hacking Suite Hacking Suite > --- WEAPON ----------- Remote Datajack Power Maul > --- INVENTORY -------- Enhanced Nuclear Core Micro Nuclear Core Micro Nuclear Core Cesium-ion Thruster Xenon Bombardment Thruster [Rating: 42] Favorites ----------- Power Micro Nuclear Core Engine Reinforced Ion Engine Power Core Micro Nuclear Core Propulsion Cesium-ion Thruster Flight Unit Cesium-ion Thruster Utility Hacking Suite Device Advanced Weight Redist. System Processor Advanced Visual Processing Unit Hackware Hacking Suite Weapon Remote Datajack Energy Gun Shock Rifle Energy Cannon Advanced Plasma Cannon Special Weapon Remote Datajack Impact Weapon Power Maul Build | -11 -10 -9 -8 -7 -7 ------- Run | Yrd Mat Mat Mat Fac Gar Slots Evolved 6 | . . 2 2 2 . Power 1 | . . . . 1 . Propulsion 2 | . . 1 . 1 . Utility 3 | . . 1 2 . . Weapon . | . . . . . . Parts Attached 27 | . . 5 8 13 1 Power 6 | . . . 1 5 . Engine 2 | . . . 1 1 . Core 4 | . . . . 4 . Reactor . | . . . . . . Propulsion 8 | . . 3 3 2 . Treads . | . . . . . . Leg . | . . . . . . Wheel . | . . . . . . Hover . | . . . . . . Flight 8 | . . 3 3 2 . Utility 7 | . . . 4 3 . Device 2 | . . . . 2 . Storage . | . . . . . . Processor 1 | . . . . 1 . Hackware 4 | . . . 4 . . Protection . | . . . . . . Artifact . | . . . . . . Weapon 6 | . . 2 . 3 1 Energy Gun 2 | . . 2 . . . Energy Cannon 1 | . . . . . 1 Ballistic Gun . | . . . . . . Ballistic Cannon . | . . . . . . Launcher . | . . . . . . Special Weapon 2 | . . . . 2 . Impact Weapon 1 | . . . . 1 . Slashing Weapon . | . . . . . . Piercing Weapon . | . . . . . . Special Melee Weapon . | . . . . . . Unidentified Prototypes . | . . . . . . Parts Lost 9 | . . . . 5 4 Power 3 | . . . . 1 2 Propulsion 4 | . . . . 2 2 Utility 2 | . . . . 2 . Weapon . | . . . . . . Highest Loss Streak 4 | . . . . 4 4 To Critical Strikes . | . . . . . . Average Slot Usage (%) 62 | . . 31 71 80 45 Engine 2 | . . . 8 3 . Core 6 | . . . . 9 8 Flight 23 | . . 28 27 27 12 Device 3 | . . . . 4 8 Processor 1 | . . . . . 4 Hackware 19 | . . . 36 24 10 Special Weapon 3 | . . . . 6 . Impact Weapon 1 | . . . . 2 . Naked Turns 81 | . 39 11 . . 31 Heaviest Build 20 | . . 6 10 20 15 Greatest Support 29 | 3 3 15 15 29 25 Greatest Overweight (x) 1 | . . . . 1 . Average Overweight (x) . | . . . . . . Largest Inventory Capacity 5 | 5 5 5 5 5 5 Average Capacity 5 | 5 5 5 5 5 5 Most Carried 5 | . . 5 5 5 5 Average Carried 3 | . . 2 3 3 4 Final Capacity 5 | 5 5 5 5 5 5 Final Carried 5 | . . 5 5 3 5 Class Distribution -------------------- 77% | Hacker-Sprinter 16% | Mutant 6% | Hacker-Mutant Dominant Class ---------------- Mutant | -10/Materials Mutant | -9/Materials Hacker-Sprinter | -8/Materials Hacker-Sprinter | -7/Factory Mutant | -7/Garrison Resources | -11 -10 -9 -8 -7 -7 ----------- Run | Yrd Mat Mat Mat Fac Gar Matter Collected 172 | 122 . . . 50 . Remotely . | . . . . . . Salvage Created 50 | . . . . 50 . Parts 2 | . . . . 2 . Haulers Intercepted . | . . . . . . Recyclers Shooed . | . . . . . . Parts Field Recycled . | . . . . . . Retrieved Matter . | . . . . . . Parts Self-Destructed . | . . . . . . Prevented . | . . . . . . Kills | -11 -10 -9 -8 -7 -7 ------- Run | Yrd Mat Mat Mat Fac Gar Combat Hostiles Destroyed 1 | . . . . 1 . Melee 1 | . . . . 1 . Classes Destroyed 1 | . . . . 1 . Grunt 1 | . . . . 1 . Best Kill Streak 1 | . . . . 1 . Combat Bots Only 1 | . . . . 1 . Max Kills in Single Turn 1 | . . . . 1 . Gunslinging . | . . . . . . Exploded . | . . . . . . Melee 1 | . . . . 1 . Uniques/NPCs Destroyed . | . . . . . . Combat | -11 -10 -9 -8 -7 -7 -------- Run | Yrd Mat Mat Mat Fac Gar Hostile Shots Fired 172 | . 7 17 6 27 115 Missed 87 | . 2 9 3 13 60 Damage Taken 1219 | . 38 73 24 281 803 Core 756 | . 38 9 7 47 655 Absorbed by Shields 62 | . . . . . 62 Regen/Repaired (Parts) 21 | . . . 21 . . Core Remaining (%) 94 | 100 84 97 98 . . Volleys Fired 6 | . . 1 . 4 1 Largest 2 | . . 2 . 1 1 Hottest 100 | . . 100 . 5 98 Shots Fired 7 | . . 2 . 4 1 Gun 2 | . . 2 . . . Cannon 1 | . . . . . 1 Launcher . | . . . . . . Special 4 | . . . . 4 . Kinetic . | . . . . . . Thermal 1 | . . . . . 1 Explosive . | . . . . . . Electromagnetic 2 | . . 2 . . . Robot Hit Streak 3 | . . . . 2 3 Robot Miss Streak 2 | . . 2 . 1 . Penetration Max . | . . . . . . Secondary Targets . | . . . . . . Shots Hit Robots 7 | . . . . 6 1 Core Hits 2 | . . . . 1 1 Critical Kills . | . . . . . . Critical Parts Destroyed . | . . . . . . Critical Strikes . | . . . . . . Melee Attacks 6 | . . . . 6 . Impact 6 | . . . . 6 . Slashing . | . . . . . . Piercing . | . . . . . . Sneak Attacks . | . . . . . . Combat Hostiles . | . . . . . . Follow-up Attacks . | . . . . . . Damage Inflicted 291 | . . . . 241 50 Guns . | . . . . . . Cannons 34 | . . . . . 34 Explosions . | . . . . . . Melee 149 | . . . . 149 . Ramming 108 | . . . . 92 16 Kinetic . | . . . . . . Thermal 34 | . . . . . 34 Explosive . | . . . . . . Electromagnetic . | . . . . . . Impact 149 | . . . . 149 . Slashing . | . . . . . . Piercing . | . . . . . . Highest Corruption 10 | . . . . 6 10 Average Corruption 4 | . . . . 2 9 Corruption Purged . | . . . . . . Corruption Blocked . | . . . . . . Effects 8 | . . . . 3 5 Matter Fused 3 | . . . . 2 1 Energy Discharges 2 | . . . . . 2 Parts Rejected 1 | . . . . 1 . Data Loss (minor) 1 | . . . . . 1 Misdirections 1 | . . . . . 1 Overload Shots . | . . . . . . Overflow Damage . | . . . . . . Projectiles . | . . . . . . Explosions . | . . . . . . Melee . | . . . . . . Knockbacks 2 | . . . . 2 . Impact 2 | . . . . 2 . Kinetic . | . . . . . . Secondary . | . . . . . . Self-Inflicted Damage 108 | . . . . 92 16 Shots . | . . . . . . Rammed . | . . . . . . Targets Rammed . | . . . . . . Kicked . | . . . . . . Crushed . | . . . . . . Highest Temperature 72 | . . 30 . 72 50 Average Temperature 31 | . . 18 . 33 29 Received Heat Transfer 168 | . . 6 . 78 84 Siege Activations . | . . . . . . Robots Corrupted . | . . . . . . Combat Hostiles . | . . . . . . Parts Fried . | . . . . . . Impact Corruptions . | . . . . . . Robots Melted . | . . . . . . Combat Hostiles . | . . . . . . Parts Melted . | . . . . . . Heat Transferred 25 | . . . . . 25 Parts Sabotaged . | . . . . . . Parts Stolen . | . . . . . . Parts Stripped . | . . . . . . Power Chain Reactions . | . . . . . . Alert | -11 -10 -9 -8 -7 -7 ------- Run | Yrd Mat Mat Mat Fac Gar Peak Influence 224 | . 15 121 70 172 224 Initial 120 | . . 5 50 38 120 Average 72 | . 3 22 50 76 151 Maximum Alert Level 1 | . . . . . 1 Low Security (%) 98 | 100 100 100 100 100 89 Level 1 1 | . . . . . 11 Level 2 . | . . . . . . Level 3 . | . . . . . . Level 4 . | . . . . . . Level 5 . | . . . . . . High Security . | . . . . . . Max Security . | . . . . . . Squads Dispatched 6 | . . . 1 5 . Investigation 4 | . . . 1 3 . Extermination . | . . . . . . Reinforcement 2 | . . . . 2 . Assault . | . . . . . . Garrison . | . . . . . . Intercept . | . . . . . . Searches Triggered . | . . . . . . Construction Impeded . | . . . . . . Haulers Reinforced . | . . . . . . Active Scanning Responses . | . . . . . . Cargo Convoy Interrupts . | . . . . . . Stealth | -11 -10 -9 -8 -7 -7 --------- Run | Yrd Mat Mat Mat Fac Gar Distress Signals . | . . . . . . Communications Jammed . | . . . . . . Distress Signals . | . . . . . . Times Spotted 56 | . 3 11 5 9 28 Peak Tracking Total 25 | . 3 6 6 7 25 Tactical Retreats 5 | . . 2 . 2 1 Traps | -11 -10 -9 -8 -7 -7 ------- Run | Yrd Mat Mat Mat Fac Gar Traps Triggered 4 | . . . . 1 3 Indirectly . | . . . . . . Trap Hack Attempts . | . . . . . . Triggered . | . . . . . . Disarmed . | . . . . . . Reprogrammed . | . . . . . . Reused . | . . . . . . Traps Extracted . | . . . . . . Installed . | . . . . . . Triggered . | . . . . . . Machines | -11 -10 -9 -8 -7 -7 ---------- Run | Yrd Mat Mat Mat Fac Gar Machines Disabled 1 | . . . . . 1 Max in Single Turn 1 | . . . . . 1 Garrison Relay 1 | . . . . . 1 Phase Generator 1 | . . . . . 1 Machines Repaired . | . . . . . . Machines Dismantled . | . . . . . . Machines Sabotaged . | . . . . . . Overloaded Fab Kills . | . . . . . . Hacking | -11 -10 -9 -8 -7 -7 --------- Run | Yrd Mat Mat Mat Fac Gar Machines Accessed 14 | . . 1 2 10 1 Terminals 9 | . . 1 1 6 1 Fabricators 1 | . . . . 1 . Repair Stations 2 | . . . 1 1 . Recycling Units 1 | . . . . 1 . Scanalyzers . | . . . . . . Garrison Access 1 | . . . . 1 . Total Hacks 42 | . . 2 7 30 3 Successful 25 | . . 1 5 18 1 Failed 17 | . . 1 2 12 2 Catastrophic 1 | . . . . . 1 Database Lockouts . | . . . . . . Manual 11 | . . 2 3 6 . Terminals 29 | . . 2 4 20 3 Fabricators 1 | . . . . 1 . Repair Stations 4 | . . . 3 1 . Recycling Units 6 | . . . . 6 . Scanalyzers . | . . . . . . Garrison Access 2 | . . . . 2 . Terminal Hacks 12 | . . . 2 9 1 Record 3 | . . . 1 2 . Prototype ID Bank 1 | . . . . 1 . Open DSF 1 | . . . . 1 . Emergency Access Points 3 | . . . . 2 1 Machine Index 1 | . . . . 1 . Locate Traps 1 | . . . 1 . . Investigation Status 1 | . . . . 1 . Recall Investigation 1 | . . . . 1 . Fabricator Hacks 1 | . . . . 1 . Network Status 1 | . . . . 1 . Repair Station Hacks 4 | . . . 3 1 . Scan Component 2 | . . . 2 . . Repair 1 | . . . 1 . . Refit 1 | . . . . 1 . Recycling Unit Hacks 4 | . . . . 4 . Recycle Component 1 | . . . . 1 . Retrieve Matter 3 | . . . . 3 . Scanalyzer . | . . . . . . Garrison Access Hacks 1 | . . . . 1 . Unlock Access 1 | . . . . 1 . Unauthorized Hacks 3 | . . 1 . 2 . Terminals 3 | . . 1 . 2 . Track 2 | . . . . 2 . Assimilate 1 | . . 1 . . . Fabricators . | . . . . . . Repair Stations . | . . . . . . Recycling Units . | . . . . . . Scanalyzers . | . . . . . . Garrison Access . | . . . . . . Data Cores Recovered . | . . . . . . Used . | . . . . . . Hacking Detections 12 | . . 1 2 8 1 Full Trace Events 6 | . . . 2 3 1 Feedback Events 3 | . . . . 3 . Corruption 2 | . . . . 2 . Hackware Fried 1 | . . . . 1 . Feedback Blocked . | . . . . . . Robot Schematics Acquired . | . . . . . . Robots Built . | . . . . . . Authchips . | . . . . . . Time . | . . . . . . Total Robot Build Rating . | . . . . . . Part Schematics Acquired . | . . . . . . Parts Built . | . . . . . . Authchips . | . . . . . . Time . | . . . . . . Total Part Build Rating . | . . . . . . Parts Repaired 1 | . . . 1 . . Time 38 | . . . 38 . . Parts Recycled 1 | . . . . 1 . Recycled Matter . | . . . . . . Retrieved Matter . | . . . . . . Retrieved Components . | . . . . . . Parts Scanalyzed . | . . . . . . Part Schematics Acquired . | . . . . . . Parts Damaged . | . . . . . . Bothacking | -11 -10 -9 -8 -7 -7 ------------ Run | Yrd Mat Mat Mat Fac Gar Used RIF Installer . | . . . . . . Robots Hacked 3 | . . . . 3 . Non-combat 3 | . . . . 3 . Combat . | . . . . . . Robot Hacks Applied 3 | . . . . 3 . find_chute 1 | . . . . 1 . find_fabricator 1 | . . . . 1 . find_recycling 1 | . . . . 1 . Relay Couplers Released 5 | . . . . . 5 Machine Destruction 5 | . . . . . 5 Fabnet Peak Effective % . | . . . . . . Robots Rewired . | . . . . . . Allies Hacked . | . . . . . . Hacks Repelled . | . . . . . . Allies | -11 -10 -9 -8 -7 -7 -------- Run | Yrd Mat Mat Mat Fac Gar Total Allies 1 | . . 1 . . . Largest Group 1 | . . 1 . . . Highest-Rated Group 10 | . . 10 . . . Highest-Rated Ally 10 | . . 10 . . . Total Orders . | . . . . . . Ally Attacks . | . . . . . . Total Damage . | . . . . . . Kills . | . . . . . . Allies Corrupted . | . . . . . . Allies Melted . | . . . . . . Intel | -11 -10 -9 -8 -7 -7 ------- Run | Yrd Mat Mat Mat Fac Gar Robot Analysis Total . | . . . . . . Derelict Logs Recovered . | . . . . . . Drone Launches . | . . . . . . Drone Recoveries . | . . . . . . Exploration | -11 -10 -9 -8 -7 -7 ------------- Run | Yrd Mat Mat Mat Fac Gar Turns Passed 642 | 12 39 70 88 333 100 Spaces Moved 1555 | 24 78 143 114 969 227 Core 182 | 24 78 25 . 13 42 Treads . | . . . . . . Legs . | . . . . . . Wheels . | . . . . . . Hover . | . . . . . . Flight 1373 | . . 118 114 956 185 Fastest Speed 26 | 50 50 29 29 26 30 Average Speed 31 | 50 50 34 29 28 35 Slowest Speed 100 | 50 50 50 32 100 50 Overloaded Moves . | . . . . . . Propulsion Burnouts . | . . . . . . Robots Hopped 12 | . . . . 9 3 Cave-ins Triggered . | . . . . . . Exploration Rate (%) 19 | 3 21 17 15 22 37 Regions Visited 5 Branch Regions . Pre-discovered Areas . | . . . . . . Known Exits Taken 1 | . . . . 1 . Unknown Exits Taken 4 | 1 1 1 1 . . Scrap Searched . | . . . . . . Spaces Dug . | . . . . . . Terrain Destroyed 2 | . . . . 2 . Melee . | . . . . . . Projectile . | . . . . . . AOE . | . . . . . . Terrain Rammed 3 | . . . . 2 1 Walls Destroyed 2 | . . . . 2 . Machines Disabled 1 | . . . . . 1 Actions | -11 -10 -9 -8 -7 -7 --------- Run | Yrd Mat Mat Mat Fac Gar Total 1676 | 23 77 160 165 1008 243 Wait 45 | . . 3 42 . . Move 1527 | 23 77 142 113 950 222 Hop 11 | . . . . 9 2 Pick Up 18 | . . 5 2 8 3 Fast Attach 15 | . . 5 1 9 . Attach 9 | . . . 4 4 1 Detach 7 | . . 2 . 4 1 Swap 3 | . . . 3 . . Drop 15 | . . 2 . 12 1 Fire 6 | . . 1 . 4 1 Melee 6 | . . . . 6 . Ram 3 | . . . . 2 1 Kick . | . . . . . . Crush . | . . . . . . Escape Stasis 11 | . . . . . 11 Rewire . | . . . . . . Trap . | . . . . . . Miscellaneous . | . . . . . . Route ------- -11/Scrapyard -10/Materials -9/Materials -8/Materials -7/Factory -7/Garrison History --------- Turn | Location | Event 5 | -11/Scrapyard | Discovered new exit (range 13) 13 | -11/Scrapyard | Entered Materials 50 | -10/Materials | Discovered new exit (range 3) 52 | -10/Materials | Entered another Materials area 52 | -9/Materials | Evolved 2 slots: Propulsion x1, Utility x1 118 | -9/Materials | Discovered new exit (range 12) 122 | -9/Materials | Entered another Materials area 122 | -8/Materials | Evolved 2 slots: Utility x2 186 | -8/Materials | Repaired Cesium-ion Thruster 206 | -8/Materials | Discovered new exit (range 15) 210 | -8/Materials | Entered Factory 210 | -7/Factory | Evolved 2 slots: Power x1, Propulsion x1 352 | -7/Factory | Hacking Suite fried by hacking feedback 361 | -7/Factory | Build established: Hacker-Sprinter 510 | -7/Factory | Lost 4 parts (1p2n1u) 540 | -7/Factory | Identified exit to Garrison 543 | -7/Factory | Entered Garrison 565 | -7/Garrison | Garrison Relay disabled 566 | -7/Garrison | System corruption reached 10% 583 | -7/Garrison | Spotted B-75 Beast 610 | -7/Garrison | Triggered checkpoint 612 | -7/Garrison | Released all parts (5) 614 | -7/Garrison | Core integrity fell below 50% 614 | -7/Garrison | Triggered checkpoint 626 | -7/Garrison | Core integrity fell below 20% 642 | -7/Garrison | Triggered checkpoint 643 | -7/Garrison | Lost 4 parts (2p2n) 643 | -7/Garrison | Phase Generator disabled 643 | -7/Garrison | Destroyed by S-27 Virus with Autogun Last Messages --------------- 00621_ Field strength at 31. 00622_ Field strength at 17. 00622_ S-27 Virus destroyed. 00623_ Stasis field depleted. 00632_ System corrupted: Energy discharge (-38). 00632_ C-17 Slicer destroyed. 00632_ Connecting with Garrison Terminal... >>Access(Emergency) Found 53 emergency access points. Map updated. 00632_ ALERT: Suspicious activity at Terminal G004. Transmitting hostile system tracking data. 00639_ Triggered Stasis Trap. 00639_ A bubble of rippling energy engulfs the area. 00639_ Field strength at 94. 00640_ Field strength at 83. 00641_ Field strength at 77. 00642_ Beams of light sweep through the air. An alarm sounds. 00642_ Field strength at 71. 00643_ Field strength at 60. Map ----- +----------------------------------------------------+ | ????????????????????????????????????# | | ????????????????????????????????????# | | ????????????????????????????????????# | | ????????????????????????????????????### ## ## | | ????????????????????????????###########*% ## ## | | ????????????????????????????# %== | | ??????????????????????+?????# =*[% | | ????????????????????????????# = | | ????????????????????????????# ##### ###### ## | | ????????????????????????????# #???# #????? #? | | ????????????????????######??# #???# #?????#####? | | ????????????????????#"# #??# #??? ??????????? | | ????????????????????#" #??# #???# #??????????? | | ?????????????????????" #??# #???# #??????????? | | ?????????????????????? #??# !#???# #??????????? | | ??????????????????????# #??# =%#???? ???????????? | | ??????????????????????# #??# *=#???? ???????????? | | ??????????????????????# #### #???? ???????????? | | ??????????????????????# / / #???? ???????????? | | ????????????????????### #### #???? ???????????? | | ???????????????????## #??# T#??? ???????????? | | ???????????????????? #??# ##???????????????? | | ????????????????????? x #??# #????????????????? | | ??????????????????????# #??# #????????????????? | | ??????????????????????#sc#### ##???????????????? | | ??????????????????????# @ s #??????????? | | ??????????????????????# ##???????????????? | | ??????????????????????####### #????????????????? | | ????????????????????????????# #????????????????? | | ????????????????????????????# #????????????????? | | ????????????????????????????# #????????????????? | | ????????????????????????????# #????????????????? | | ????????????????????????????# #????????????????? | | ????????????????????????????# ?????????????????? | | ????????????????????????????? ?????????????????? | | ?????????????????????????????????????????????????? | | ?????????????????????????????????????????????????? | | ?????????????????????????????????????????????????? | | ?????????????????????????????????????????????????? | | ?????????????????????????????????????????????????? | | ?????????????????????????????????????????????????? | | ?????????????????????????????????????????????????? | | ?????????????????????????????????????????????????? | | ?????????????????????????????????????????????????? | | ?????????????????????????????????????????????????? | | ?????????????????????????????????????????????????? | | ?????????????????????????????????????????????????? | | ?????????????????????????????????????????????????? | | ?????????????????????????????????????????????????? | | ?????????????????????????????????????????????????? | +----------------------------------------------------+ Best States ------------- Heat Dissipation 34 Energy Generation 25 Energy Capacity 430 Matter Stores 222 Matter Capacity 300 Sight Range 20 Terrain Scan Density 10 Additional Mass Support 9 Evasion (%) 64 Offensive Hacking 40 Item Schematics ----------------- None Robot Schematics ------------------ None Fabricated ------------ Nothing Alien Tech Used ----------------- None Achievements -------------- None Challenges ------------ None Game ------ Seed VisualPhaseDevice Manual? 0 Play Time 00:36:15 Cumulative 33.4 hours Start 2024.04.05 @ 10:38:14 End 2024.04.05 @ 11:17:28 Sessions 1 Manual Loads 0 Difficulty Rogue Special Mode None Game No. 92 Rogue 52 Adventurer 14 Explorer 26 Win Type - Total 0 Types 0/0/0/0/0/0/0/0/0 Lore% 23 Gallery% 31 Achievement% 27 Wizard Run 0 Options --------- Layout 0 ASCII 0 Keyboard 1 Movement Vi Keybinds 0 Fullscreen 1 Font 18/SmallcapsGlow Map View 76x50 Zoom Use 0% Tactical HUD 1 Map Filters NONE Filters NONE Steam 1 RUN: f0ff6507-208f-4319-9fc8-01030d5a2d56